TOP OF THE 1ST |
Seattle (APP) Mariners batting - Pitching for Cleveland (APP) Indians : RHP Ricardo Torres
|
Pitching: RHP Ricardo Torres
|
|
Batting: RHB Chris Van Niel
|
0-0: Ball 1-0: Ball 2-0: SOLO HOME RUN (Flyball, 7LD, EV 91.9 MPH), Distance : 336 ft
|
Batting: RHB John Vasquez
|
0-0: Swinging Strike 0-1: Foul Ball, location: 2F 0-2: Ball 1-2: Strikes out looking
|
Batting: SHB Carlos Luna
|
0-0: Ball 1-0: Swinging Strike 1-1: Ball 2-1: Ball 3-1: Foul Ball, location: 2F 3-2: Fly out, F8 (Flyball, 8RD, EV 94.4 MPH)
|
Batting: RHB Nick Edmunds
|
0-0: Ball 1-0: Ball 2-0: Ball 3-0: Called Strike 3-1: Called Strike 3-2: Base on Balls
|
Batting: RHB Nick Ellis
|
0-0: Ball Nick Edmunds is caught stealing 2nd base 2-4
|
Top of the 1st over - 1 run, 1 hit, 0 errors, 0 left on base; Seattle (APP) 1 - Cleveland (APP) 0 |
BOTTOM OF THE 1ST |
Cleveland (APP) Indians batting - Pitching for Seattle (APP) Mariners : RHP Mario Mata
|
Pitching: RHP Mario Mata
|
|
Batting: RHB Patrick Pinault
|
0-0: Ball 1-0: Fly out, F8 (Flyball, 8RM, EV 97.5 MPH)
|
Batting: LHB Mesfin Azagba
|
0-0: Called Strike 0-1: Ball 1-1: Ball 2-1: Ball 3-1: Foul Ball, location: 2F 3-2: Base on Balls
|
Batting: RHB Justin Teague
|
0-0: Ball 1-0: Ball 2-0: Called Strike 2-1: Grounds into double play, 4-6-3 (Groundball, 4, EV 88.8 MPH)
|
Bottom of the 1st over - 0 runs, 0 hits, 0 errors, 0 left on base; Seattle (APP) 1 - Cleveland (APP) 0 |
TOP OF THE 2ND |
Seattle (APP) Mariners batting - Pitching for Cleveland (APP) Indians : RHP Ricardo Torres
|
Batting: RHB Nick Ellis
|
0-0: Ball 1-0: Ball 2-0: Ground out 5-3 (Groundball, 15, EV 81.9 MPH)
|
Batting: RHB Carlton McDonald
|
0-0: Foul Ball, location: 2F 0-1: Foul Ball, location: 2F 0-2: DOUBLE (Flyball, 78D, EV 96.9 MPH)
|
Batting: RHB Joaquin Salazar
|
0-0: Ground out 1-3 (Groundball, 15, EV 75.6 MPH)
|
Batting: RHB Ziven Badersky
|
0-0: Ball 1-0: Foul Ball, location: 2F 1-1: Ball 2-1: Ground out 5-3 (Groundball, 56, EV 96.2 MPH)
|
Top of the 2nd over - 0 runs, 1 hit, 0 errors, 1 left on base; Seattle (APP) 1 - Cleveland (APP) 0 |
BOTTOM OF THE 2ND |
Cleveland (APP) Indians batting - Pitching for Seattle (APP) Mariners : RHP Mario Mata
|
Batting: RHB Andy Lewis
|
0-0: DOUBLE (Line Drive, 78D, EV 103.8 MPH)
|
Batting: SHB Jay Rook
|
0-0: Ball 1-0: Ball 2-0: Ball 3-0: Base on Balls
|
Batting: RHB Tony Gonzales
|
0-0: Foul Ball, location: 2F 0-1: Ball 1-1: Called Strike 1-2: Strikes out swinging
|
Batting: RHB Quan Tai
|
0-0: Called Strike 0-1: Ball 1-1: Ball 2-1: Fly out, F7 (Flyball, 7D, EV 85.6 MPH)
|
Batting: SHB Luis de Leon
|
0-0: Called Strike 0-1: Ball 1-1: Ball 2-1: Ball 3-1: Base on Balls Andy Lewis to third Jay Rook to second
|
Batting: LHB Mario Garza
|
0-0: Called Strike 0-1: Called Strike 0-2: Strikes out looking
|
Bottom of the 2nd over - 0 runs, 1 hit, 0 errors, 3 left on base; Seattle (APP) 1 - Cleveland (APP) 0 |
TOP OF THE 3RD |
Seattle (APP) Mariners batting - Pitching for Cleveland (APP) Indians : RHP Ricardo Torres
|
Batting: RHB Josh Carpenter
|
0-0: Ball 1-0: Ball 2-0: Ball 3-0: Base on Balls
|
Batting: RHB Chris Van Niel
|
0-0: Ball 1-0: Ball 2-0: Foul Ball, location: 2F 2-1: Foul Ball, location: 2F 2-2: Grounds into double play, 6-4-3 (Groundball, 6, EV 103.1 MPH)
|
Batting: RHB John Vasquez
|
0-0: Called Strike 0-1: Swinging Strike 0-2: Ball 1-2: Foul Ball, location: 2F 1-2: Strikes out swinging
|
Top of the 3rd over - 0 runs, 0 hits, 0 errors, 0 left on base; Seattle (APP) 1 - Cleveland (APP) 0 |
BOTTOM OF THE 3RD |
Cleveland (APP) Indians batting - Pitching for Seattle (APP) Mariners : RHP Mario Mata
|
Batting: RHB Patrick Pinault
|
0-0: Fly out, F7 (Flyball, 7, EV 73.1 MPH)
|
Batting: LHB Mesfin Azagba
|
0-0: Foul Ball, location: 2F 0-1: Ball 1-1: Ball 2-1: Ball 3-1: Foul Ball, location: 2F 3-2: Base on Balls
|
Batting: RHB Justin Teague
|
0-0: Ball 1-0: Ball 2-0: Called Strike 2-1: Ball 3-1: Base on Balls Mesfin Azagba to second
|
Batting: RHB Andy Lewis
|
0-0: Ball 1-0: Ball 2-0: Ball 3-0: Called Strike 3-1: Base on Balls Mesfin Azagba to third Justin Teague to second
|
Batting: SHB Jay Rook
|
0-0: Fielders Choice at 2nd, U6 (Groundball, 4M, EV 81.9 MPH) Mesfin Azagba scores Justin Teague to third
|
Batting: RHB Tony Gonzales
|
0-0: Ball Jay Rook is caught stealing 2nd base 2-4
|
Bottom of the 3rd over - 1 run, 0 hits, 0 errors, 1 left on base; Seattle (APP) 1 - Cleveland (APP) 1 |
TOP OF THE 4TH |
Seattle (APP) Mariners batting - Pitching for Cleveland (APP) Indians : RHP Ricardo Torres
|
Batting: SHB Carlos Luna
|
0-0: Swinging Strike 0-1: Ball 1-1: Ball 2-1: Foul Ball, location: 2F 2-2: Ground out 5-3 (Groundball, 56S, EV 71.9 MPH)
|
Batting: RHB Nick Edmunds
|
0-0: Called Strike 0-1: Ball 1-1: SINGLE (Line Drive, 4MD, EV 104.4 MPH)
|
Batting: RHB Nick Ellis
|
0-0: Foul Ball, location: 2F 0-1: Ball 1-1: Foul Ball, location: 2F 1-2: Fielders Choice at 2nd, 4-6 (Groundball, 4, EV 80.0 MPH)
|
Batting: RHB Carlton McDonald
|
0-0: Called Strike 0-1: Ball 1-1: Ball 2-1: Ball 3-1: Fly out, F8 (Flyball, 8RD, EV 92.5 MPH)
|
Top of the 4th over - 0 runs, 1 hit, 0 errors, 1 left on base; Seattle (APP) 1 - Cleveland (APP) 1 |
BOTTOM OF THE 4TH |
Cleveland (APP) Indians batting - Pitching for Seattle (APP) Mariners : RHP Mario Mata
|
Batting: RHB Tony Gonzales
|
0-0: Called Strike 0-1: Ball 1-1: Fly out, F8 (Flyball, 8LM, EV 93.8 MPH)
|
Batting: RHB Quan Tai
|
0-0: SOLO HOME RUN (Flyball, 9LD, EV 91.9 MPH), Distance : 349 ft
|
Batting: SHB Luis de Leon
|
0-0: Swinging Strike 0-1: Fly out, F8 (Flyball, 8LM, EV 88.8 MPH)
|
Batting: LHB Mario Garza
|
0-0: Ground out 5-3 (Groundball, 5, EV 100.6 MPH)
|
Bottom of the 4th over - 1 run, 1 hit, 0 errors, 0 left on base; Seattle (APP) 1 - Cleveland (APP) 2 |
TOP OF THE 5TH |
Seattle (APP) Mariners batting - Pitching for Cleveland (APP) Indians : RHP Ricardo Torres
|
Batting: RHB Joaquin Salazar
|
0-0: Called Strike 0-1: Ball 1-1: Ball 2-1: Ground out 4-3 (Groundball, 34D, EV 100.0 MPH)
|
Batting: RHB Ziven Badersky
|
0-0: Ball 1-0: Called Strike 1-1: Ball 2-1: Ball 3-1: Fly out, F8 (Flyball, 89M, EV 97.5 MPH)
|
Batting: RHB Josh Carpenter
|
0-0: Ball 1-0: Foul Ball, location: 2F 1-1: Ball 2-1: Ball 3-1: Swinging Strike 3-2: Strikes out swinging
|
Top of the 5th over - 0 runs, 0 hits, 0 errors, 0 left on base; Seattle (APP) 1 - Cleveland (APP) 2 |
BOTTOM OF THE 5TH |
Cleveland (APP) Indians batting - Pitching for Seattle (APP) Mariners : RHP Mario Mata
|
Batting: RHB Patrick Pinault
|
0-0: Called Strike 0-1: Ball 1-1: Ground out 6-3 (Groundball, 6, EV 98.8 MPH)
|
Batting: LHB Mesfin Azagba
|
0-0: Called Strike 0-1: Ball 1-1: SINGLE (Groundball, 6MD, EV 95.6 MPH)
|
Batting: RHB Justin Teague
|
0-0: Called Strike 0-1: Ball Wild Pitch! Mesfin Azagba to second 1-1: Ball 2-1: Swinging Strike 2-2: Strikes out swinging
|
Batting: RHB Andy Lewis
|
0-0: Called Strike 0-1: Ground out 6-3 (Groundball, 6, EV 97.5 MPH)
|
Bottom of the 5th over - 0 runs, 1 hit, 0 errors, 1 left on base; Seattle (APP) 1 - Cleveland (APP) 2 |
TOP OF THE 6TH |
Seattle (APP) Mariners batting - Pitching for Cleveland (APP) Indians : RHP Ricardo Torres
|
Batting: RHB Chris Van Niel
|
0-0: Ball 1-0: DOUBLE (Groundball, 5L, EV 105.6 MPH)
|
Batting: RHB John Vasquez
|
0-0: Ball 1-0: Foul Ball, location: 2F 1-1: Called Strike 1-2: SINGLE (Groundball, 4MD, EV 101.9 MPH) Chris Van Niel to third
|
Batting: SHB Carlos Luna
|
0-0: Called Strike 0-1: Ball 1-1: Ball 2-1: Swinging Strike 2-2: Ball 3-2: Base on Balls John Vasquez to second
|
Batting: RHB Nick Edmunds
|
0-0: Ball 1-0: Grounds into fielders choice 5-2 (Groundball, 25, EV 68.8 MPH) John Vasquez to third Carlos Luna to second
|
Batting: RHB Nick Ellis
|
0-0: Grounds into fielders choice 5-2 (Groundball, 56S, EV 94.4 MPH) Carlos Luna to third Nick Edmunds to second
|
Batting: RHB Carlton McDonald
|
0-0: Called Strike 0-1: Foul Ball, location: 2F 0-2: Ball 1-2: Ball 2-2: SINGLE (Line Drive, 4D, EV 95.0 MPH) Carlos Luna scores Nick Edmunds to third Nick Ellis to second Runner from 3rd tries for Home, SAFE, throw by RF to home
|
Pitching: RHP David Aldape
|
|
Batting: RHB Joaquin Salazar
|
0-0: Called Strike 0-1: Swinging Strike 0-2: Strikes out swinging
|
Top of the 6th over - 2 runs, 3 hits, 0 errors, 2 left on base; Seattle (APP) 3 - Cleveland (APP) 2 |
BOTTOM OF THE 6TH |
Cleveland (APP) Indians batting - Pitching for Seattle (APP) Mariners : RHP Mario Mata
|
Batting: SHB Jay Rook
|
0-0: Ball 1-0: Ball 2-0: Ball 3-0: Base on Balls
|
Batting: RHB Tony Gonzales
|
0-0: Ball 1-0: Ball 2-0: Called Strike 2-1: Ball Wild Pitch! Jay Rook to second 3-1: Base on Balls
|
Batting: RHB Quan Tai
|
0-0: Fly out, F9 (Flyball, 9S, EV 90.0 MPH)
|
Batting: SHB Luis de Leon
|
0-0: Swinging Strike 0-1: Foul Ball, location: 2F 0-2: Ball 1-2: Foul Ball, location: 2F 1-2: Ball 2-2: Ball 3-2: Foul Ball, location: 2F 3-2: Foul Ball, location: 2F 3-2: Foul Ball, location: 2F 3-2: Base on Balls Jay Rook to third Tony Gonzales to second
|
Pitching: RHP Ruben Mendoza
|
|
Pinch Hitting: RHB Kevin Trull
|
0-0: Ball 1-0: Called Strike Balk! Jay Rook scores Tony Gonzales to third Luis de Leon to second 1-1: Foul Ball, location: 2F 1-2: Ball 2-2: 3-RUN HOME RUN (Line Drive, 7LD, EV 91.2 MPH), Distance : 342 ft
|
Batting: RHB Patrick Pinault
|
0-0: Foul Ball, location: 2F 0-1: SOLO HOME RUN (Flyball, 78XD, EV 98.1 MPH), Distance : 401 ft
|
Batting: LHB Mesfin Azagba
|
0-0: Ball 1-0: Ball 2-0: Ball 3-0: Base on Balls
|
Batting: RHB Justin Teague
|
0-0: Called Strike 0-1: Foul Ball, location: 2F 0-2: Foul Ball, location: 2F 0-2: Ball 1-2: Ball 2-2: Foul Ball, location: 2F Pickoff Throw to First - Out! 1-3 2-2: Ball 3-2: Ground out 3-1 (Groundball, 34S, EV 92.5 MPH)
|
Bottom of the 6th over - 5 runs, 2 hits, 0 errors, 0 left on base; Seattle (APP) 3 - Cleveland (APP) 7 |
TOP OF THE 7TH |
Seattle (APP) Mariners batting - Pitching for Cleveland (APP) Indians : RHP David Aldape
|
Now at 3B: Luke Burnham
|
|
Now in LF: Justin Teague
|
|
Now in RF: Xavier Bartolani
|
|
Batting: RHB Ziven Badersky
|
0-0: Called Strike 0-1: Foul Ball, location: 2F 0-2: Foul Ball, location: 2F 0-2: Strikes out swinging
|
Batting: RHB Josh Carpenter
|
0-0: Ground out 5-3 (Groundball, 5S, EV 80.6 MPH)
|
Batting: RHB Chris Van Niel
|
0-0: Called Strike 0-1: SINGLE (Flyball, 78S, EV 85.0 MPH)
|
Batting: RHB John Vasquez
|
0-0: Called Strike 0-1: Ball 1-1: Ball Chris Van Niel is caught stealing 2nd base 2-4
|
Top of the 7th over - 0 runs, 1 hit, 0 errors, 0 left on base; Seattle (APP) 3 - Cleveland (APP) 7 |
BOTTOM OF THE 7TH |
Cleveland (APP) Indians batting - Pitching for Seattle (APP) Mariners : RHP Ruben Mendoza
|
Batting: RHB Andy Lewis
|
0-0: Ball 1-0: Foul Ball, location: 2F 1-1: Called Strike 1-2: Foul Ball, location: 2F 1-2: Strikes out looking
|
Batting: SHB Jay Rook
|
0-0: SOLO HOME RUN (Flyball, 89XD, EV 103.8 MPH), Distance : 415 ft
|
Batting: RHB Tony Gonzales
|
0-0: Ball 1-0: Called Strike 1-1: Ball 2-1: Swinging Strike 2-2: Foul Ball, location: 2F 2-2: Ground out 6-3 (Groundball, 6, EV 97.5 MPH)
|
Batting: RHB Quan Tai
|
0-0: Ball 1-0: Foul Ball, location: 2F 1-1: Swinging Strike 1-2: Hit by Pitch
|
Batting: SHB Luis de Leon
|
0-0: Called Strike Quan Tai is caught stealing 2nd base 2-6
|
Bottom of the 7th over - 1 run, 1 hit, 0 errors, 0 left on base; Seattle (APP) 3 - Cleveland (APP) 8 |
TOP OF THE 8TH |
Seattle (APP) Mariners batting - Pitching for Cleveland (APP) Indians : RHP David Aldape
|
Batting: RHB John Vasquez
|
0-0: Ground out 5-3 (Groundball, 5S, EV 91.2 MPH)
|
Batting: SHB Carlos Luna
|
0-0: Called Strike 0-1: Called Strike 0-2: Strikes out looking
|
Batting: RHB Nick Edmunds
|
0-0: Ball 1-0: Ground out U3 (Groundball, 34S, EV 65.0 MPH)
|
Top of the 8th over - 0 runs, 0 hits, 0 errors, 0 left on base; Seattle (APP) 3 - Cleveland (APP) 8 |
BOTTOM OF THE 8TH |
Cleveland (APP) Indians batting - Pitching for Seattle (APP) Mariners : RHP Ruben Mendoza
|
Batting: SHB Luis de Leon
|
0-0: Ball 1-0: Ball 2-0: Swinging Strike 2-1: SOLO HOME RUN (Flyball, 9LD, EV 93.1 MPH), Distance : 347 ft
|
Batting: RHB Luke Burnham
|
0-0: Ball 1-0: Ball 2-0: Ground out 4-3 (Groundball, 4, EV 101.9 MPH)
|
Pitching: RHP Frank Cabrera
|
|
Batting: RHB Patrick Pinault
|
0-0: Ball 1-0: Ground out 6-3 (Groundball, 6, EV 103.1 MPH)
|
Batting: RHB Xavier Bartolani
|
0-0: Ball 1-0: Ground out 5-3 (Groundball, 5S, EV 83.8 MPH)
|
Bottom of the 8th over - 1 run, 1 hit, 0 errors, 0 left on base; Seattle (APP) 3 - Cleveland (APP) 9 |
TOP OF THE 9TH |
Seattle (APP) Mariners batting - Pitching for Cleveland (APP) Indians : RHP David Aldape
|
Batting: RHB Nick Ellis
|
0-0: Foul Ball, location: 2F 0-1: SOLO HOME RUN (Flyball, 78XD, EV 103.1 MPH), Distance : 408 ft
|
Batting: RHB Carlton McDonald
|
0-0: Ball 1-0: Ball 2-0: Ball 3-0: Called Strike 3-1: Called Strike 3-2: Foul Ball, location: 2F 3-2: Strikes out swinging
|
Batting: RHB Joaquin Salazar
|
0-0: Ball 1-0: Foul Ball, location: 2F 1-1: Ball 2-1: Ball 3-1: Called Strike 3-2: Base on Balls
|
Pinch Hitting: LHB Prince Nunley
|
0-0: Swinging Strike 0-1: Ball Wild Pitch! Joaquin Salazar to second 1-1: Ball 2-1: Ground out 4-3 (Groundball, 4, EV 86.2 MPH) Joaquin Salazar to third
|
Pinch Hitting: LHB Yoshihisa Kobayashi
|
0-0: SINGLE (Groundball, 34D, EV 95.6 MPH) Joaquin Salazar scores
|
Batting: RHB Chris Van Niel
|
0-0: Swinging Strike 0-1: Ball 1-1: DOUBLE (Flyball, 8RXD, EV 111.9 MPH) Yoshihisa Kobayashi to third
|
Pitching: RHP Chris Gomez
|
|
Batting: RHB John Vasquez
|
0-0: Ball 1-0: Called Strike 1-1: Swinging Strike 1-2: Strikes out swinging
|
Top of the 9th over - 2 runs, 3 hits, 0 errors, 2 left on base; Seattle (APP) 5 - Cleveland (APP) 9 |
|